Map: Acropolis LE

Players

Smeeeger - Winner!

  • Race: Zerg Zerg
  • League: Platinum
  • Spawn Location: 5:00

Rhazz

  • Race: Protoss Protoss
  • League: Platinum
  • Spawn Location: 11:00

VOD

Have the link to the VOD?

Description

Time

  • Played on: July 12, 2019, 6:55 p.m.
  • Length: 10:24
Show
View Real Time Build Order
Export as new Build Order

Smeeeger Zerg - Winner!

Build Orders: Hatch First, Roach Hydra 

Get SALT Encoding   

  12  0:01  Drone  
  13  0:15  Overlord  
  13  0:17  Drone  
  14  0:34  Drone x2  
  16  0:41  Drone  
  17  0:48  Drone  
  18  1:01  Hatchery  
  17  1:09  Spawning Pool  
  16  1:12  Drone  
  16  1:15  Drone  
  18  1:26  Extractor  
  18  1:28  Drone  
  18  1:31  Drone  
  19  1:41  Overlord  
  19  1:56  Queen  
  19  1:58  Zergling x2  
  22  2:03  Zergling x2  
  23  2:13  Queen  
  25  2:16  Drone  
  25  2:18  Drone  
  27  2:29  Drone  
  28  2:31  Drone  
  28  2:35  Queen  
  31  2:39  Overlord  
  31  2:50  Hatchery  
  30  2:57  Drone x5  
  35  3:08  Drone  
  35  3:09  Drone, Overlord  
  37  3:15  Queen  
  39  3:24  Lair  
  39  3:29  Roach Warren  
  39  3:30  Drone  
  39  3:40  Drone x3  
  39  3:41  Drone x2  
  44  3:43  Drone  
  44  3:44  Drone  
  44  3:46  Extractor  
  44  3:48  Extractor  
  44  3:49  Overlord  
  44  3:54  Drone  
  44  3:55  Drone  
  46  3:58  Drone  
  46  3:59  Drone  
  46  4:00  Drone  
  49  4:12  Roach x3  
  55  4:19  Queen  
  57  4:29  Glial Reconstitution  
  57  4:33  Drone x2  
  57  4:34  Evolution Chamber  
  57  4:35  Drone x2  
  57  4:36  Drone x5  
  65  4:47  Drone  
  66  5:00  Overlord x3  
  66  5:05  Overlord  
  66  5:11  Hydralisk Den  
  66  5:18  Baneling Nest, Zerg Missile Weapons Level 1  
  66  5:20  Drone x4  
  71  5:21  Roach x3  
  71  5:22  Roach x3  
  81  5:29  Drone x4  
  81  5:30  Overlord x2  
  85  5:36  Pneumatized Carapace  
  85  5:37  Drone  
  85  5:38  Drone  
  87  5:42  Extractor  
  87  5:44  Extractor  
  87  5:47  Drone x2, Extractor  
  87  5:48  Hatchery  
  85  5:50  Spore Crawler  
  85  5:51  Spore Crawler  
  85  5:53  Spore Crawler  
  85  5:54  Roach x2  
  86  6:02  Roach x3  
  86  6:03  Zergling x2  
  93  6:06  Drone x3  
  93  6:07  Drone  
  93  6:08  Drone x2  
  93  6:11  Overlord  
  99  6:35  Hydralisk Den  
  98  6:43  Overlord x3  
  98  6:45  Ravager x5  
  103  6:50  Hatchery  
  102  6:59  Drone x2  
  102  7:00  Roach  
  102  7:01  Roach x5  
  112  7:04  Muscular Augments  
  115  7:26  Drone x5  
  115  7:27  Drone  
  115  7:28  Hydralisk x5  
  115  7:29  Hydralisk x2  
  135  7:39  Overlord x3  
  130  7:57  Drone  
  130  7:58  Hydralisk, Drone x3  
  132  7:59  Hydralisk x4  
  126  8:16  Hydralisk x4  
  126  8:17  Hydralisk x4  
  139  8:21  Evolution Chamber  
  139  8:25  Grooved Spines  
  138  8:30  Ravager  
  139  8:34  Drone  
  139  8:35  Drone x3  
  139  8:36  Extractor  
  139  8:37  Spore Crawler  
  139  8:38  Extractor  
  139  8:39  Drone x4  
  139  8:40  Queen  
  146  8:44  Overseer  
  146  8:45  Overseer  
  146  8:51  Ravager  
  146  8:52  Ravager  
  148  9:04  Infestation Pit  
  133  9:32  Drone x2, Evolution Chamber  
  133  9:33  Drone x4  
  133  9:35  Drone  
  137  9:47  Spore Crawler, Drone x3  
  137  9:50  Spore Crawler  
  138  9:53  Spore Crawler  
Show
View Real Time Build Order
Export as new Build Order

Rhazz Protoss 

Build Orders:  

Get SALT Encoding   

  1  0:00  Probe  
  12  0:06  Probe  
  14  0:15  Probe  
  15  0:26  Pylon  
  15  0:44  Gateway, Probe  
  16  0:57  Assimilator  
  16  0:59  Probe  
  17  1:12  Forge  
  17  1:15  Gateway  
  17  1:19  Probe  
  18  1:31  Probe  
  19  1:46  Nexus  
  19  1:47  Probe  
  20  1:58  Zealot  
  20  1:59  Probe  
  23  2:04  Assimilator  
  23  2:15  Pylon  
  23  2:33  Zealot, Probe  
  23  2:34  Cybernetics Core  
  26  2:39  Gateway  
  26  2:50  Photon Cannon  
  26  3:01  Gateway  
  26  3:06  Probe  
  26  3:08  Probe  
  26  3:09  Warp Gate  
  28  3:16  Stalker  
  30  3:20  Probe  
  30  3:22  Sentry  
  33  3:37  Probe x2  
  35  3:42  Assimilator  
  35  3:49  Probe x2  
  35  3:50  Stalker  
  39  4:01  Probe x2  
  41  4:03  Assimilator  
  41  4:08  Shield Battery  
  41  4:13  Probe  
  41  4:14  Photon Cannon  
  41  4:16  Probe  
  43  4:21  Stalker  
  45  4:32  Pylon  
  45  5:12  Probe x2  
  47  5:15  Pylon  
  47  5:22  Twilight Council  
  47  5:23  Robotics Facility  
  47  5:24  Probe x2, Pylon, Stalker  
  47  5:25  Stalker  
  47  5:26  Gateway  
  53  5:31  Forge  
  53  5:32  Protoss Ground Weapons Level 1  
  53  5:35  Forge  
  53  5:38  Probe x2  
  55  5:46  Stalker  
  55  5:48  Adept  
  59  5:52  Probe x2  
  61  6:03  Sentry  
  63  6:04  Probe  
  64  6:12  Nexus  
  64  6:16  Pylon  
  64  6:23  Observer  
  65  6:31  Assimilator  
  65  6:34  Assimilator  
  65  6:37  Templar Archives  
  65  6:40  Warp Prism  
  65  6:46  Pylon  
  67  6:50  Pylon  
  67  6:52  Protoss Ground Armor Level 1  
  67  6:55  Probe  
  67  6:56  Probe, Charge, Protoss Shields Level 1  
  69  7:01  Photon Cannon  
  69  7:08  Probe  
  66  7:17  Sentry x2  
  69  7:28  Stalker  
  69  7:29  Stalker  
  73  7:35  Pylon  
  72  7:39  Pylon  
  70  8:00  Pylon  
  70  8:11  Psionic Storm  
  60  8:13  Stalker  
  60  8:14  Stalker  
  60  8:21  Pylon  
  60  8:23  Stalker  
  60  8:25  Stalker  
  65  8:34  Probe x2  
  65  8:36  Pylon  
  65  8:38  High Templar x2, Pylon  
  70  8:42  Archon  
  70  8:44  High Templar  
  70  8:46  Probe x2  
  70  8:47  High Templar  
  76  8:52  High Templar  
  76  8:53  Archon  
  76  8:54  Gateway  
  78  8:56  Gateway  
  61  9:19  Stalker x2  
  61  9:21  Adept  
  61  9:22  Adept  
  46  9:40  High Templar  
  46  9:41  High Templar  
  42  9:45  Pylon  
  42  9:52  Stalker  
  44  9:54  Zealot x2  
Tags
 
Composition
Roach Hydra
Matchup
PvZ
Replay Pack
SC2 replays
Spawn Locations
Cross Positions
Add a new tag
Caveats
  • Supply blocks, unpowered buildings, or Contaminate may cause inaccurate times.
  • Supply counts are checked every 10 seconds.